 Dungeon Crawl Stone Soup version 0.31-a0-851-g7ff8af7976 (webtiles) character file.

Game seed: 4107779639509720453

100 Pixllover the Chopper (level 4, -1/41 HPs)
             Began as a Hill Orc Monk on Oct 6, 2023.
             Slain by Ijyb
             ... wielding a +1 dagger of electrocution
              (11 damage)
             ... on level 3 of the Dungeon.
             The game lasted 00:03:08 (1927 turns).

Pixllover the Chopper (Hill Orc Monk)               Turns: 1927, Time: 00:03:09

Health: -1/41      AC:  6    Str: 15    XL:     4   Next: 74%
Magic:  4/4        EV:  8    Int: 10    God:
Gold:   133        SH:  0    Dex: 13    Spells: 3/3 levels left

rFire   . . .        a - +0 hand axe
rCold   . . .        d - orb {light}
rNeg    . . .        n - +0 ring mail
rPois   .            (no helmet)
rElec   .            m - +0 cloak
rCorr   .            (no gloves)
SInv    .            (no boots)
Will    .....        (no amulet) Stlth
                     (no ring)
HPRegen 0.26/turn    (no ring)
MPRegen 0.09/turn

%: no passive effects
@: confused, ambrosia-drunk, grasped by roots, glowing, constricted
A: no striking features
a: no special abilities


You were on level 3 of the Dungeon.
You visited 1 branch of the dungeon, and saw 3 of its levels.

You collected 133 gold pieces.

Inventory:

Hand Weapons
 a - a +0 hand axe (weapon)
Missiles
 k - 2 datura-tipped darts
Armour
 d - an orb of light (worn)
 m - a +0 cloak (worn)
 n - a +0 ring mail (worn)
Scrolls
 e - a scroll of fog {unknown}
 g - a scroll of teleportation {unknown}
 h - 6 scrolls of identify {unknown}
 j - 3 scrolls of poison {unknown}
Potions
 b - a potion of might {unknown}
 f - a potion of curing {unknown}
 i - 2 potions of heal wounds {unknown}
 l - a potion of degeneration {unknown}


   Skills:
 + Level 4.4 Fighting
 + Level 5.6 Axes
 + Level 0.5 Armour
 + Level 3.1 Dodging


You had 3 spell levels left.
You didn't know any spells.
Your spell library contained the following spells:

 Spells                   Type           Power      Damage    Failure   Level
 Brom's Barrelling Bould  Conj/Erth      0%         2d3       100%        4
 Fireball                 Conj/Fire      0%         3d3       100%        5
 Iskenderun's Battlesphe  Conj           0%         2d6       100%        5
 Conjure Ball Lightning   Conj/Air       0%         3x3d6     100%        6
 Orb of Destruction       Conj           0%         9d5       100%        7


Dungeon Overview and Level Annotations

Branches:
Dungeon (3/15)

Altars:
Ru

Shops:
D:1 =

Annotations:
D:3 Ijyb


Message History

You hit the orc.
You kill the orc!
Things that are here:
a +0 mace; a +0 leather armour; an orc corpse An adder comes into view.
The adder hisses angrily.
You slash the adder!
The adder is severely wounded.
The adder barely misses you.
You hit the adder.
You kill the adder!
Found a sacrificial altar of Ru.
You open the door.
There is an open door here.
You now have 133 gold pieces (gained 10).
Found 2 stones.
You see here 2 stones.
You see here 2 stones.
Ijyb the Twisted Goblin comes into view.
She is wielding a +1 dagger of electrocution and carrying a wand of roots.
Ijyb shouts!
You hit Ijyb but do no damage. Ijyb barely misses you.
You closely miss Ijyb.
Ijyb hits you with a +1 dagger of electrocution.
You hit Ijyb but do no damage.
Ijyb hits you with a +1 dagger of electrocution.
You hit Ijyb but do no damage. Ijyb hits you but does no damage.
You are electrocuted!!
You barely miss Ijyb. Ijyb screams, "Me stronger than you!"
Ijyb zaps a wand.
The roots erupt in riotous growth!
The grasping roots grab you!
Ijyb is unaffected.
The grasping roots constrict you.
You barely miss Ijyb.
Ijyb hits you with a +1 dagger of electrocution.
* * * LOW HITPOINT WARNING * * *
The grasping roots constrict you!
* * * LOW HITPOINT WARNING * * *
You are confused.
You feel invigorated. Ijyb hits you but does no damage.
You are electrocuted!
You die...

##.....##
#..###.#.#
##...##
#......#.# ##+##
##.......#
#####.### #.#
#.# .. #.#
....##### #.#
......g@# #.#
#.#####.######.#
#........#
##########


You could see Ijyb.

Vanquished Creatures
  A gnoll (D:1)
  3 adders
  2 dart slugs
  4 orcs (D:3)
  4 ball pythons
  An endoplasm (D:1)
  3 giant cockroaches
  6 goblins
  4 hobgoblins
  6 kobolds
  7 quokkas
  3 bats
  4 frilled lizards
  2 rats (D:1)
50 creatures vanquished.

Notes
Turn   | Place    | Note
-------+----------+-------------------------------------------
     0 | D:1      | Pixllover the Hill Orc Monk began the quest for the Orb.
     0 | D:1      | Reached XP level 1. HP: 19/19 MP: 1/1
   136 | D:1      | Reached XP level 2. HP: 6/27 MP: 2/2
   230 | D:1      | Found Ycifroho's Jewellery Boutique.
   361 | D:1      | Reached XP level 3. HP: 10/33 MP: 3/3
   989 | D:2      | Reached skill level 5 in Axes
  1074 | D:2      | Reached XP level 4. HP: 33/41 MP: 4/4
  1831 | D:3      | Found a sacrificial altar of Ru.
  1919 | D:3      | Noticed Ijyb
  1927 | D:3      | Slain by Ijyb

Illustrated notes

Levels and vault maps discovered:
D:1:      ebering_trefoil_3fold, layout_basic, serial_shops,
          nicolae_shop_behind_doors, minmay_misc_feat_encased,
          minmay_pentomino_p2
D:2:      layout_basic, minmay_misc_feat_rows
D:3:      layout_loops_corners, mainiacjoe_overflow_paths,
          nzn_wu_jian_contemplation, serial_shops, shop, uniq_ijyb

Skill      XL: |  1  2  3 |
---------------+----------+-----
Fighting       | 4 |  4.4
Axes           | 5 |  5.6
Dodging        | 3 |  3.1
Armour         | |  0.5

Action                     |  1- 3 |  4- 6 || total
---------------------------+-------+-------++-------
  Melee: Hand axe          |   107 |    47 ||   154
    Use: Potion            |       |     1 ||     1
 Armour: Robe              |    60 |       ||    60
         Ring mail         |    18 |    24 ||    42
  Dodge: Dodged            |    95 |    40 ||   135

Table legend: (Time is in decaauts)
 A = Elapsed time spent in this place.
 B = Non-inter-level travel time spent in this place.
 C = Inter-level travel time spent in this place.
 D = Time resting spent in this place.
 E = Time spent auto-exploring this place.
 F = Levels seen in this place.
 G = Mean time per level.
                   A        B        C        D        E       F      G
               +--------+--------+--------+--------+--------+-----+--------+
         Total |   1937 |   1843 |     94 |    121 |   1224 |   3 |  645.7 |
       Dungeon |   1937 |   1843 |     94 |    121 |   1224 |   3 |  645.7 |
               +--------+--------+--------+--------+--------+-----+--------+

Top non-repeatable levels by time:
     D:2: 856 daAuts
     D:1: 784 daAuts
     D:3: 296 daAuts
